 Dungeon Crawl Stone Soup version 0.30-a0-652-gcc886f7154 (webtiles) character file.

Game seed: 8161554970528177018

59 ragingrage the Sneak (level 3, -3/32 HPs)
             Began as an Armataur Monk on Jan 17, 2023.
             Frozen to death by an endoplasm (5 damage)
             ... on level 2 of the Dungeon.
             The game lasted 00:00:57 (1360 turns).

ragingrage the Sneak (Armataur Monk)                Turns: 1360, Time: 00:00:57

Health: -3/32      AC:  7    Str: 16    XL:     3   Next: 78%
Magic:  3/3        EV: 10    Int: 12    God:
Gold:   33         SH:  0    Dex: 14    Spells: 2/2 levels left

rFire   x . .      SeeInvis .    a - +0 short sword
rCold   . . .      Faith    .    (no shield)
rNeg    . . .      Spirit   .    h - +3 leather armour "Sadghiont" {rElec rF- Int+2}
rPois   .          Reflect  .    (no helmet)
rElec   +          Harm     .    (no cloak)
rCorr   .          Roll     +    (no gloves)
Will    .....                    (no barding)
Stlth   ++                       (no amulet)
HPRegen 0.25/turn                (no ring)
MPRegen 0.08/turn                (no ring)

@: slowed, very slow
A: large, rugged brown scales 3, deformed body, armoured tail, roll, long
tongue, awkward tongue
a: no special abilities


You were on level 2 of the Dungeon.
You visited 1 branch of the dungeon, and saw 2 of its levels.

You collected 33 gold pieces.

Inventory:

Hand Weapons
 a - a +0 short sword (weapon)
Armour
 b - a +0 robe
 h - the +3 leather armour "Sadghiont" (worn) {rElec rF- Int+2}
   (You found it on level 2 of the Dungeon)

   Int:       It affects your intelligence (+2).
   rF:        It makes you vulnerable to fire.
   rElec:     It insulates you from electricity.
Scrolls
 d - 2 scrolls of noise {unknown}
 e - a scroll of torment {unknown}
 f - 2 scrolls of magic mapping {unknown}
 g - a scroll of teleportation {unknown}
 i - a scroll of summoning {unknown}
 j - a scroll of identify {unknown}


   Skills:
 - Level 2.6 Fighting
 + Level 3.6 Short Blades
 - Level 2.1 Dodging
 + Level 3.8 Stealth


You had 2 spell levels left.
You didn't know any spells.
Your spell library contained the following spells:

 Spells                   Type           Power      Damage    Failure   Level
 Sandblast                Erth           0%         2d4       38%         1
 Passwall                 Tmut/Erth      0%         N/A       52%         2
 Stone Arrow              Conj/Erth      0%         3d7       77%         3


Dungeon Overview and Level Annotations

Branches:
Dungeon (2/15)

Altars:

Annotations:
D:2 Natasha


Innate Abilities, Weirdness & Mutations

You are completely covered in rugged brown scales. (AC +3, +7% HP)
Armour fits poorly on your strangely shaped body.
You have a long armoured tail.
You roll when moving toward enemies. (Rampage)
Your long tongue fully drains potion bottles. (2x potion effects)
Your tongue gives you trouble enunciating. (1.5x scroll delay)


Message History

The endoplasm completely misses you. Natasha claws you.
* * * LOW HITPOINT WARNING * * *
The endoplasm misses you.
You slurp down every last drop of the potion of ambrosia!
You are confused.
You feel invigorated. Natasha claws you. The endoplasm hits you.
Natasha barely misses you.
You bump into the rock wall.
You feel less invigorated.
You feel less confused. The endoplasm barely misses you.
Natasha barely misses you.
The endoplasm hits you but does no damage.
You hit Natasha but do no damage.
Natasha is almost dead.
Natasha howls an incantation.
Natasha's front paws start to glow.
Natasha closely misses you.
The endoplasm hits you but does no damage.
You hit Natasha.
Natasha is almost dead.
Natasha claws you. The endoplasm barely misses you.
Natasha claws you but does no damage.
You closely miss Natasha.
Natasha is almost dead.
The endoplasm freezes you.
You are frozen.
Natasha growls.
Natasha claws you.
* * * LOW HITPOINT WARNING * * *
You barely miss Natasha.
Natasha is almost dead.
The endoplasm barely misses you. Natasha misses you.
You closely miss Natasha.
Your tail-slap misses Natasha.
Natasha is almost dead.
The endoplasm freezes you.
You are frozen.
* * * LOW HITPOINT WARNING * * *
Natasha barely misses you. The endoplasm freezes you.
You are frozen.
You die...

... #... ...#
#... .... #..#
.....#..#
...#... ....#
######hJ#
.......@#
........######.
............)..
........#######
#######.# #.#
#.# #.# #.#


You could see Natasha and an endoplasm.

Vanquished Creatures
  Natasha (D:2)
  A worm (D:2)
  5 ball pythons
  2 bats
  4 endoplasms
  2 giant cockroaches
  3 goblins
  2 hobgoblins
  2 jackals (D:2)
  A quokka (D:1)
  3 kobolds (D:1)
  2 rats (D:1)
28 creatures vanquished.

Notes
Turn   | Place    | Note
-------+----------+-------------------------------------------
     0 | D:1      | ragingrage the Armataur Monk began the quest for the Orb.
     0 | D:1      | Reached XP level 1. HP: 19/19 MP: 1/1
   104 | D:1      | Found a faded altar of an unknown god.
   304 | D:1      | Reached XP level 2. HP: 26/26 MP: 2/2
   912 | D:2      | Identified the +3 leather armour "Sadghiont" {rElec rF-
                  | Int+2}
   920 | D:2      | Noticed Natasha
   928 | D:2      | Killed Natasha
   929 | D:2      | Reached XP level 3. HP: 19/32 MP: 3/3
  1341 | D:2      | Noticed Natasha
  1360 | D:2      | Frozen to death by an endoplasm

Illustrated notes

Levels and vault maps discovered:
D:1:      scummos_arrival_gate, layout_loops_ring,
          hellmonk_ecumenical_altar_prayer_group
D:2:      layout_basic, uniq_natasha

Skill      XL: |  1  2 |
---------------+-------+-----
Short Blades   | 3 |  3.6
Stealth        | 3 |  3.8
Fighting       | |  2.6
Dodging        | |  2.1

Action                   || total
-------------------------++-------
Melee: Short sword       ||    95
       Tailslap          ||     7
       Punch             ||     2
  Use: Potion            ||     1
 Stab: Sleeping          ||     5
Armor: Robe              ||    21
       Leather armour    ||    12
Dodge: Dodged            ||    46

Table legend: (Time is in decaauts)
 A = Elapsed time spent in this place.
 B = Non-inter-level travel time spent in this place.
 C = Inter-level travel time spent in this place.
 D = Time resting spent in this place.
 E = Time spent auto-exploring this place.
 F = Levels seen in this place.
 G = Mean time per level.
                   A        B        C        D        E       F      G
               +--------+--------+--------+--------+--------+-----+--------+
         Total |   1348 |   1302 |     46 |     50 |   1041 |   2 |  674.0 |
       Dungeon |   1348 |   1302 |     46 |     50 |   1041 |   2 |  674.0 |
               +--------+--------+--------+--------+--------+-----+--------+

Top non-repeatable levels by time:
     D:1: 901 daAuts
     D:2: 446 daAuts
